Map: Ascension to Aiur LE

Players

Fire

  • Race: Protoss Protoss
  • League: Master
  • Spawn Location: 11:00

Klein - Winner!

  • Race: Protoss Protoss
  • League: Master
  • Spawn Location: 5:00

VOD

Have the link to the VOD?

Description

Time

  • Played on: May 25, 2017, 4:23 a.m.
  • Length: 17:18
Show
View Real Time Build Order
Export as new Build Order

Fire Protoss 

Build Orders: Phoenix Opening 

Get SALT Encoding   

  12  0:01  Probe (Chrono Boost)  
  13  0:11  Probe (Chrono Boost)  
  14  0:18  Pylon  
  14  0:22  Probe (Chrono Boost)  
  15  0:36  Probe (Chrono Boost)  
  15  0:37  Gateway  
  16  0:46  Probe (Chrono Boost)  
  17  0:50  Assimilator  
  17  0:57  Probe (Chrono Boost)  
  17  0:58  Assimilator  
  17  1:03  Gateway  
  18  1:08  Probe (Chrono Boost)  
  19  1:18  Probe (Chrono Boost)  
  19  1:24  Cybernetics Core  
  20  1:29  Probe (Chrono Boost)  
  20  1:32  Pylon  
  22  1:40  Probe (Chrono Boost)  
  22  1:49  Warp Gate  
  22  1:53  Probe (Chrono Boost)  
  23  2:00  Adept x2  
  29  2:16  Pylon, Mothership Core (Chrono Boost)  
  29  2:30  Stalker  
  29  2:34  Stalker  
  33  3:05  Nexus  
  31  3:13  Stargate  
  31  3:20  Stalker  
  33  3:41  Probe (Chrono Boost)  
  34  3:42  Gateway  
  34  3:53  Probe (Chrono Boost), Phoenix  
  37  4:04  Pylon  
  37  4:11  Pylon  
  37  4:15  Phoenix  
  37  4:27  Stargate  
  37  4:28  Probe (Chrono Boost)  
  37  4:30  Probe (Chrono Boost)  
  39  4:35  Assimilator  
  39  4:37  Phoenix  
  39  4:40  Probe x2 (Chrono Boost)  
  43  4:51  Probe (Chrono Boost)  
  43  4:52  Probe (Chrono Boost)  
  45  4:59  Phoenix  
  45  5:02  Probe (Chrono Boost)  
  45  5:04  Pylon, Probe (Chrono Boost)  
  49  5:08  Phoenix  
  52  5:14  Probe (Chrono Boost)  
  52  5:16  Probe (Chrono Boost)  
  52  5:22  Phoenix  
  52  5:26  Probe (Chrono Boost)  
  56  5:29  Probe (Chrono Boost)  
  56  5:32  Phoenix  
  56  5:38  Probe (Chrono Boost)  
  56  5:41  Probe (Chrono Boost)  
  60  5:46  Phoenix  
  63  5:50  Assimilator, Probe (Chrono Boost)  
  63  5:53  Probe (Chrono Boost)  
  64  5:58  Phoenix  
  64  6:00  Pylon  
  64  6:02  Probe (Chrono Boost)  
  68  6:05  Probe (Chrono Boost)  
  68  6:06  Stalker  
  70  6:12  Stalker  
  72  6:19  Stalker  
  72  6:24  Probe x2 (Chrono Boost)  
  72  6:39  Phoenix  
  72  6:40  Stalker x2  
  72  6:45  Probe x2 (Chrono Boost)  
  80  6:50  Pylon, Phoenix  
  82  6:57  Probe x2 (Chrono Boost)  
  82  7:07  Phoenix  
  70  7:12  Phoenix  
  72  7:23  Protoss Air Weapons Level 1  
  72  7:30  Phoenix  
  72  7:31  Nexus  
  72  7:33  Pylon  
  72  7:34  Phoenix  
  74  7:43  Assimilator  
  76  7:45  Forge  
  76  7:47  Assimilator  
  76  7:49  Stalker  
  78  7:55  Phoenix  
  78  7:57  Pylon  
  80  8:01  Phoenix  
  80  8:02  Pylon  
  80  8:05  Probe x2 (Chrono Boost)  
  84  8:07  Stalker  
  86  8:17  Probe x2 (Chrono Boost)  
  87  8:20  Phoenix  
  85  8:29  Phoenix  
  85  8:32  Probe x2 (Chrono Boost)  
  86  8:44  Probe (Chrono Boost)  
  86  8:45  Phoenix  
  86  8:47  Probe (Chrono Boost)  
  91  8:49  Probe (Chrono Boost)  
  91  8:51  Phoenix  
  94  8:56  Probe (Chrono Boost)  
  94  8:57  Pylon  
  94  8:59  Photon Cannon  
  94  9:07  Fleet Beacon  
  94  9:10  Phoenix  
  94  9:12  Phoenix  
  98  9:24  Protoss Shields Level 1  
  98  9:32  Protoss Air Weapons Level 2  
  98  9:34  Phoenix  
  98  9:35  Phoenix  
  98  9:36  Pylon  
  102  9:40  Stalker x2  
  106  9:56  Photon Cannon  
  106  9:58  Photon Cannon  
  104  10:04  Anion Pulse-Crystals  
  103  10:07  Probe (Chrono Boost)  
  103  10:08  Probe x2 (Chrono Boost)  
  103  10:18  Phoenix x2  
  103  10:19  Probe (Chrono Boost)  
  103  10:20  Probe x2 (Chrono Boost)  
  103  10:21  Zealot x3  
  116  10:33  Pylon  
  116  10:41  Phoenix x2  
  116  10:45  Pylon, Zealot x3  
  120  11:05  Probe x3 (Chrono Boost), Phoenix x2  
  124  11:11  Stalker x3  
  124  11:17  Probe x2 (Chrono Boost)  
  132  11:25  Probe (Chrono Boost)  
  133  11:27  Phoenix x2  
  133  11:29  Probe x2 (Chrono Boost)  
  103  11:53  Phoenix x2  
  83  12:06  Zealot x3  
  81  12:15  Phoenix x2  
  85  12:28  Zealot x3  
  91  12:35  Twilight Council  
  91  12:36  Phoenix x2  
  95  12:56  Nexus, Zealot  
  95  12:57  Pylon, Zealot x2  
  87  13:09  Probe x2 (Chrono Boost)  
  87  13:10  Probe (Chrono Boost), Phoenix  
  87  13:11  Phoenix  
  90  13:13  Pylon  
  90  13:15  Pylon  
  94  13:20  Assimilator  
  94  13:24  Assimilator  
  94  13:27  Photon Cannon  
  94  13:28  Templar Archives, Photon Cannon  
  94  13:29  Pylon  
  94  13:38  Pylon  
  94  13:41  Pylon  
  94  13:47  Phoenix x2  
  90  14:09  Phoenix x2  
  94  14:21  Gateway  
  94  14:22  Gateway  
  94  14:24  Gateway  
  94  14:28  Gateway  
  94  14:30  Gateway, Phoenix  
  94  14:32  Pylon  
  96  14:38  Phoenix  
  98  14:50  High Templar x2, Gateway  
  98  14:52  Phoenix  
  102  14:57  Archon  
  104  15:00  Phoenix  
  106  15:12  Gateway  
  106  15:13  Gateway  
  106  15:14  Phoenix  
  106  15:18  High Templar x2  
  112  15:22  High Templar  
  112  15:23  High Templar  
  112  15:25  High Templar x4  
  112  15:26  Archon  
  112  15:27  Archon  
  124  15:29  Archon x2, Phoenix  
  126  15:36  Phoenix  
  126  15:37  Nexus  
  126  15:38  Pylon  
  128  15:50  Phoenix  
  128  15:54  High Templar x2  
  128  15:55  High Templar x2  
  128  15:56  Stalker  
  140  15:57  Stalker, Phoenix  
  140  15:58  Stalker x2  
  140  16:00  Archon x2  
  148  16:06  Photon Cannon  
  148  16:07  Photon Cannon  
  106  16:36  Zealot x6  
  106  16:37  Zealot x5  
  100  16:59  High Templar  
  100  17:00  High Templar x3  
  108  17:02  Stalker x4  
  108  17:04  Archon  
  108  17:05  Archon  
Show
View Real Time Build Order
Export as new Build Order

Klein Protoss - Winner!

Build Orders: Phoenix Opening 

Get SALT Encoding   

  12  0:01  Probe (Chrono Boost)  
  13  0:11  Probe (Chrono Boost)  
  14  0:17  Pylon  
  14  0:22  Probe (Chrono Boost)  
  16  0:35  Probe (Chrono Boost)  
  16  0:36  Gateway  
  16  0:43  Assimilator  
  16  0:46  Probe (Chrono Boost)  
  17  0:51  Assimilator  
  17  0:56  Probe (Chrono Boost)  
  18  1:07  Probe (Chrono Boost)  
  19  1:12  Gateway  
  19  1:18  Probe (Chrono Boost)  
  20  1:28  Cybernetics Core  
  20  1:30  Probe (Chrono Boost)  
  21  1:40  Probe (Chrono Boost)  
  21  1:42  Pylon  
  22  1:51  Probe (Chrono Boost)  
  23  2:05  Adept x2  
  27  2:16  Stargate  
  27  2:18  Mothership Core (Chrono Boost)  
  29  2:24  Warp Gate  
  29  2:29  Pylon  
  29  2:37  Probe (Chrono Boost)  
  30  3:02  Probe (Chrono Boost)  
  31  3:06  Phoenix  
  31  3:10  Stalker  
  35  3:19  Nexus  
  35  3:26  Probe (Chrono Boost)  
  36  3:32  Phoenix  
  32  3:39  Stalker  
  36  3:44  Probe (Chrono Boost)  
  37  3:53  Pylon  
  38  3:57  Probe (Chrono Boost)  
  38  4:05  Assimilator  
  38  4:07  Phoenix  
  38  4:09  Probe (Chrono Boost)  
  41  4:29  Phoenix  
  42  4:32  Probe (Chrono Boost)  
  42  4:33  Probe (Chrono Boost)  
  45  4:48  Stargate  
  45  4:49  Robotics Facility  
  45  4:52  Probe (Chrono Boost)  
  47  4:53  Probe (Chrono Boost)  
  47  4:55  Phoenix  
  49  5:03  Probe (Chrono Boost)  
  51  5:08  Probe (Chrono Boost)  
  51  5:13  Probe (Chrono Boost)  
  52  5:17  Phoenix  
  54  5:24  Probe (Chrono Boost)  
  54  5:26  Pylon  
  54  5:27  Probe (Chrono Boost)  
  54  5:28  Phoenix  
  59  5:37  Probe (Chrono Boost)  
  59  5:39  Probe (Chrono Boost), Phoenix  
  62  5:47  Assimilator  
  62  5:49  Probe (Chrono Boost)  
  64  5:50  Pylon, Phoenix  
  64  5:51  Probe (Chrono Boost)  
  66  6:00  Phoenix  
  66  6:03  Probe (Chrono Boost)  
  69  6:09  Probe (Chrono Boost)  
  70  6:12  Phoenix  
  70  6:14  Pylon  
  72  6:21  Probe (Chrono Boost)  
  72  6:22  Phoenix  
  71  6:34  Phoenix  
  69  6:44  Phoenix  
  69  6:46  Probe (Chrono Boost)  
  72  6:55  Phoenix  
  72  6:56  Nexus  
  74  7:08  Phoenix  
  66  7:09  Stalker x2  
  70  7:17  Phoenix  
  70  7:25  Immortal  
  70  7:29  Phoenix  
  74  7:33  Zealot x2  
  80  7:41  Probe (Chrono Boost)  
  80  7:42  Pylon  
  81  7:46  Fleet Beacon  
  81  7:50  Phoenix  
  83  7:58  Phoenix  
  83  8:03  Zealot x2  
  89  8:12  Probe (Chrono Boost), Phoenix  
  92  8:13  Pylon  
  92  8:14  Probe x2 (Chrono Boost)  
  88  8:29  Phoenix  
  88  8:34  Probe (Chrono Boost)  
  91  8:35  Probe x2 (Chrono Boost)  
  91  8:39  Anion Pulse-Crystals  
  91  8:43  Assimilator  
  91  8:44  Probe (Chrono Boost)  
  91  8:47  Assimilator, Probe (Chrono Boost)  
  91  8:48  Phoenix  
  93  8:51  Gateway, Phoenix  
  93  8:55  Gateway  
  97  8:58  Probe (Chrono Boost)  
  98  9:03  Zealot x2  
  98  9:05  Probe (Chrono Boost)  
  98  9:06  Probe (Chrono Boost)  
  105  9:10  Probe (Chrono Boost), Phoenix  
  105  9:11  Pylon  
  105  9:14  Phoenix  
  109  9:30  Immortal  
  113  9:31  Phoenix  
  113  9:34  Probe x3 (Chrono Boost)  
  118  9:38  Phoenix  
  118  9:41  Twilight Council  
  121  9:46  Probe (Chrono Boost)  
  121  9:51  Pylon  
  121  9:52  Pylon  
  121  10:08  Nexus, Zealot x2  
  121  10:09  Zealot  
  121  10:11  Pylon  
  121  10:12  Charge  
  127  10:15  Immortal  
  127  10:18  Phoenix  
  127  10:20  Phoenix  
  135  10:32  Pylon  
  135  10:34  Pylon, Gateway  
  135  10:38  Gateway  
  135  10:41  Phoenix  
  135  10:47  Zealot x2  
  135  10:48  Zealot  
  143  10:58  Phoenix  
  143  11:02  Phoenix  
  141  11:05  Immortal  
  141  11:09  Protoss Air Weapons Level 1  
  147  11:16  Carrier  
  147  11:17  Carrier  
  147  11:23  Stargate  
  159  11:33  Pylon  
  159  11:36  Assimilator, Probe x2 (Chrono Boost)  
  159  11:37  Probe (Chrono Boost)  
  152  11:41  Assimilator  
  152  11:46  Zealot  
  152  11:47  Zealot x3  
  122  12:06  Carrier  
  124  12:09  Immortal  
  124  12:10  Zealot  
  124  12:11  Zealot x4  
  138  12:17  Probe (Chrono Boost)  
  138  12:18  Probe x2 (Chrono Boost)  
  142  12:24  Probe (Chrono Boost)  
  142  12:31  Carrier  
  142  12:32  Carrier  
  120  13:10  Zealot x5  
  124  13:13  Immortal, Probe x2 (Chrono Boost)  
  124  13:15  Probe (Chrono Boost)  
  129  13:22  Carrier  
  129  13:24  Protoss Air Weapons Level 2  
  129  13:31  Nexus  
  135  13:47  Carrier  
  123  13:49  Carrier  
  123  13:50  Mothership Core (Chrono Boost)  
  123  13:52  Stalker x4  
  123  13:53  Stalker  
  139  14:07  Probe (Chrono Boost)  
  140  14:11  Assimilator  
  140  14:15  Gateway  
  140  14:16  Gateway  
  140  14:19  Templar Archives  
  146  14:38  Zealot x5  
  150  14:39  Zealot  
  158  14:49  Carrier  
  158  14:58  High Templar x3  
  158  14:59  High Templar x3  
  170  15:01  Carrier  
  170  15:04  Archon x2  
  170  15:05  Archon  
  176  15:08  Carrier  
  182  15:15  Assimilator  
  188  15:33  High Templar  
  188  15:35  High Templar, Zealot x4  
  198  15:39  Archon  
  200  15:49  Pylon  
  200  15:52  Gateway  
  200  15:54  Gateway  
  200  15:56  Gateway  
  200  15:57  Gateway  
  200  16:05  Gateway  
  198  16:41  Zealot  
  188  16:59  Zealot x6  
  188  17:00  Zealot  
  182  17:14  High Templar x2  
  182  17:15  High Templar x4  
Tags
 
Add a new tag
Caveats
  • Supply blocks, unpowered buildings, or Contaminate may cause inaccurate times.
  • Supply counts are checked every 10 seconds.